 Dungeon Crawl Stone Soup version 0.21-a0-110-g8e1637b (webtiles) character file.

1273 Kurtz the Spear-Bearer (level 8, -8/54 HPs)
             Began as an Octopode Abyssal Knight on July 11, 2017.
             Was an Elder of Lugonu.
             Mangled by an ogre
             ... wielding a +0 giant club
              (20 damage)
             ... on level 5 of the Dungeon.
             The game lasted 00:07:32 (5344 turns).

Kurtz the Spear-Bearer (Octopode Abyssal Knight)    Turns: 5344, Time: 00:07:33

Health: -8/54      AC:  1    Str: 12    XL:     8   Next: 53%
Magic:  10/10      EV: 11    Int: 14    God:    Lugonu [****..]
Gold:   158        SH: 12    Dex: 18    Spells: 7/7 levels left

rFire    . . .     SeeInvis .   i - +1 trident (flame)
rCold    . . .     Gourm    .   m - +0 large shield
rNeg     . . .     Faith    .   (helmet restricted)
rPois    .         Spirit   .   (no amulet)
rElec    .         Reflect  .   g - +5 ring of dexterity
rCorr    .         Harm     .   (no ring)
MR       .....                  (no ring)
Stlth    +++.......             (no ring)
HPRegen  0.18/turn              (no ring)
MPRegen  0.12/turn              (no ring)
                                (no ring)
                                (no ring)

@: no status effects
A: almost no armour, stealthy swim, amphibious, 8 rings, constrict 8, camouflage
1, gelatinous body 1
a: Depart the Abyss, Bend Space, Banish, Corrupt, Renounce Religion


You were on level 5 of the Dungeon.
You worshipped Lugonu.
Lugonu was greatly pleased with you.
You were not hungry.

You visited 1 branch of the dungeon, and saw 7 of its levels.
You visited the Abyss 1 time.

You collected 158 gold pieces.

Inventory:

Hand Weapons
 a - a +1 spear
 i - a +1 trident of flaming (weapon)
Missiles
 p - 3 tomahawks (quivered)
Armour
 m - a +0 large shield (worn)
Jewellery
 g - a +5 ring of dexterity (left tentacle)
Scrolls
 e - a scroll of amnesia {unknown}
 f - 2 scrolls of immolation
 h - a scroll of enchant weapon {unknown}
 r - 4 scrolls of teleportation {unknown}
 t - a scroll of remove curse {unknown}
 w - a scroll of blinking {unknown}
 x - a scroll of identify
 y - a scroll of enchant armour {unknown}
Potions
 c - 5 potions of brilliance
 k - 2 potions of invisibility
 o - 2 potions of might
 q - a potion of haste
 u - a potion of resistance {unknown}
 v - a potion of flight {unknown}
Books
 n - a book of Annihilations

   Spells                             Type                      Level
   a - Poison Arrow                   Conjuration/Poison           6
   b - Chain Lightning                Conjuration/Air              8
   c - Lehudib's Crystal Spear        Conjuration/Earth            8
   d - Glaciate                       Conjuration/Ice              9
   e - Fire Storm                     Conjuration/Fire             9
Comestibles
 b - 4 bread rations
 d - 4 meat rations
 j - 3 fruits
 s - a royal jelly


   Skills:
 + Level 4.1 Fighting
 * Level 8.5 Polearms
 - Level 4.0 Dodging
 * Level 2.8 Shields
 * Level 2.8 Invocations


You had 7 spell levels left.
You didn't know any spells.

Dungeon Overview and Level Annotations

Branches:
Dungeon (7/15)
 Temple: D:4-7

Altars:
Makhleb
Xom


Innate Abilities, Weirdness & Mutations

You cannot wear most types of armour.
You are very stealthy in the water. (Stealth+)
You are amphibious.
You can wear up to eight rings at the same time.
You can use your tentacles to constrict eight enemies at once.
Your skin changes colour to match your surroundings (Stealth+).
Your rubbery body absorbs attacks. (AC +1, EV +1)


Message History

Press: ? - help, Dir - move target cursor, f/p - ogre
Aim: an ogre, wielding a giant club (moderately wounded)
You reach to attack!
You puncture the ogre! You burn the ogre.
The ogre is severely wounded.
Found a stone staircase leading up.
You fail to use your ability.
The ogre hits you with a giant club.
* * * LOW HITPOINT WARNING * * *
You fail to use your ability.
The ogre barely misses you.
Okay, then.
A quokka zombie comes into view.
There is a stone staircase leading up here.
An orc comes into view. It is wielding a short sword.
There is an open door here.
An orc comes into view.
It is wielding a dagger. 2 orcs come into view.
An orc wizard comes into view. It is wielding a dagger.
The orc wizard shouts!
Okay, then.
The quokka zombie closely misses you. The ogre hits you with a giant club!!
You die...

..#................#
..+................#
..#.......(........#
..#................#
#'#............<...#
.........########'##
.........# #....#
.........# #..Z.#
.........# #.O@.#
.....>...# #....#
.........# #....#
.........# ##...#
########## #...#
#.oo# #o..# #.o.#
#.o.#


You could see an ogre, an orc wizard, 3 orcs and a quokka zombie.

Vanquished Creatures
  Grinder (D:5)
  A phantom (D:4)
  2 ogres (D:5)
  A centaur (D:5)
  2 scorpions
  2 crimson imps (D:5)
  A centaur zombie (D:5)
  2 orc priests (D:5)
  Natasha (thrice) (D:2)
  3 iguanas
  3 worker ants
  2 worker ant zombies
  Robin (D:2)
  7 adders
  4 gnolls (D:2)
  5 worms
  2 dart slugs
  6 leopard geckos
  7 orcs
  2 ball pythons
  6 giant cockroaches
  12 goblins
  13 hobgoblins
  10 jackals
  A quokka (D:3)
  4 bats
  6 frilled lizards
  13 kobolds
  8 rats
130 creatures vanquished.

Notes
Turn   | Place    | Note
-------+----------+-------------------------------------------
     0 | Abyss:1  | Kurtz the Octopode Abyssal Knight began the quest for the Orb.
     0 | Abyss:1  | Reached XP level 1. HP: 16/16 MP: 2/2
    14 | D:1      | Escaped the Abyss
   237 | D:1      | Reached XP level 2. HP: 21/21 MP: 3/3
   587 | D:1      | Reached skill level 3 in Polearms
   660 | D:1      | Reached XP level 3. HP: 26/26 MP: 4/4
   803 | D:2      | Reached ** piety under Lugonu
   951 | D:2      | Noticed Natasha
   954 | D:2      | Killed Natasha
   954 | D:2      | Reached XP level 4. HP: 21/31 MP: 5/5
  1020 | D:2      | Noticed Robin
  1709 | D:2      | HP: 1/31 [Robin/trident of flaming (2)]
  1710 | D:2      | Killed Robin
  2180 | D:2      | Reached skill level 4 in Polearms
  2180 | D:2      | Reached XP level 5. HP: 36/36 MP: 6/6
  2209 | D:2      | Noticed Natasha
  2224 | D:2      | Killed Natasha
  2448 | D:2      | Noticed Natasha
  2457 | D:2      | Killed Natasha
  2785 | D:3      | Reached *** piety under Lugonu
  2785 | D:3      | Reached XP level 6. HP: 41/42 MP: 7/7
  2812 | D:3      | Found a burning altar of Makhleb.
  2907 | D:3      | Reached skill level 5 in Polearms
  3018 | D:3      | Found a faded altar of an unknown god.
  3500 | D:4      | You fall through a shaft for 3 floors!
  3566 | D:5      | Entered Level 5 of the Dungeon
  3601 | D:5      | Reached skill level 6 in Polearms
  3644 | D:5      | Reached XP level 7. HP: 16/46 MP: 8/8
  3847 | D:5      | Found a shimmering altar of Xom.
  3864 | D:5      | Reached skill level 1 in Shields
  3978 | D:5      | Reached skill level 7 in Polearms
  4170 | D:5      | Noticed Grinder
  4178 | D:5      | Killed Grinder
  4178 | D:5      | Reached XP level 8. HP: 21/54 MP: 9/9
  4849 | D:4      | Reached skill level 8 in Polearms
  5134 | D:4      | Reached **** piety under Lugonu
  5344 | D:5      | Mangled by an ogre

Vault maps used:
D:1:      minmay_arrival_stair_chambers
D:2:      uniq_robin, uniq_natasha
D:3:      chequers_ecumenical_altar_simple, bloody_makhleb
D:4:      first_bread
D:5:      basic_altar, uniq_grinder
D:6:      serial_shops, kennysheep_mini_moat, shop, kennysheep_mini,
          nicolae_shop_behind_doors, uniq_sigmund
D:7:      lemuel_mausoleum_altar_yredelemnul, minmay_temple_entry_glass

Skill      XL: |  1  2  3  4  5  6  7  8 |
---------------+-------------------------+-----
Polearms       | 3 4 6 7 8 |  8.5
Dodging        | 3 4 |  4.0
Shields        | 1 2 |  2.8
Fighting       | 4 |  4.1
Invocations    | |  2.8

Action                   |  1- 3 |  4- 6 |  7- 9 || total
-------------------------+-------+-------+-------++-------
Melee: Spear             |    77 |    40 |       ||   117
       Constrict         |    18 |    47 |    10 ||    75
       Tentacles         |     9 |    29 |    15 ||    53
       Trident           |       |   146 |    92 ||   238
Throw: Tomahawk          |       |       |     1 ||     1
  Use: Potion            |       |     1 |     1 ||     2
       Scroll            |       |     5 |       ||     5
 Stab: Sleeping          |     7 |     5 |    11 ||    23
       Distracted        |     1 |       |       ||     1
  Eat: Chunk             |       |     9 |     5 ||    14
Armor: Skin              |     1 |     4 |       ||     5
Dodge: Dodged            |    35 |    68 |    16 ||   119
Block: Large shield      |       |    17 |    26 ||    43
